 Dungeon Crawl Stone Soup version 0.26-a0-660-gc07710193c (webtiles) character file.

Game seed: 10615155595181567324

85 kazelolz the Chopper (level 4, -1/41 HPs)
             Began as a Minotaur Berserker on Oct 7, 2020.
             Was a Follower of Trog.
             Slain by an ogre
             ... wielding a +0 giant club
              (28 damage)
             ... on level 3 of the Dungeon.
             The game lasted 00:02:21 (2255 turns).

kazelolz the Chopper (Minotaur Berserker)           Turns: 2255, Time: 00:02:22

Health: -1/41      AC:  7    Str: 23    XL:     4   Next: 25%
Magic:  3/3        EV: 12    Int:  4    God:    Trog [*.....]
Gold:   94         SH:  0    Dex:  9    Spells: 3/3 levels left

rFire    . . .     SeeInvis .   a - +0 hand axe
rCold    . . .     Faith    .   (no shield)
rNeg     . . .     Spirit   .   r - +0 ring mail
rPois    .         Reflect  .   q - +2 hat
rElec    .         Harm     .   (no cloak)
rCorr    .         Rampage  .   (no gloves)
MR       +....                  (no boots)
Stlth    ..........             (no amulet)
HPRegen  0.13/turn              f - ring of protection from magic
MPRegen  0.08/turn              (no ring)

@: no status effects
A: retaliatory headbutt, horns 2
a: Berserk, Renounce Religion


You were on level 3 of the Dungeon.
You worshipped Trog.
Trog was aware of your devotion.
You visited 1 branch of the dungeon, and saw 3 of its levels.

You collected 94 gold pieces.

Inventory:

Hand Weapons
 a - a +0 hand axe (weapon)
Armour
 q - a +2 hat (worn)
 r - a +0 ring mail (worn)
Jewellery
 f - a ring of protection from magic (left hand)
Scrolls
 d - a scroll of fog {unknown}
 g - a scroll of immolation {unknown}
 h - a scroll of teleportation {unknown}
 j - a scroll of enchant armour {unknown}
 l - a scroll of enchant weapon {unknown}
 m - a scroll of random uselessness {unknown}
Potions
 b - a potion of might {unknown}
 e - 2 potions of mutation {unknown}
 p - 2 potions of curing {unknown}


   Skills:
 + Level 4.5 Fighting
 + Level 4.7 Axes
 + Level 2.8 Armour
 + Level 2.9 Dodging
 + Level 0.3 Stealth


You had 3 spell levels left.
You didn't know any spells.
Your spell library was empty.

Dungeon Overview and Level Annotations

Branches:
Dungeon (3/15)

Altars:
Elyvilon
Qazlal


Innate Abilities, Weirdness & Mutations

You reflexively headbutt those who attack you in melee.
You have a pair of horns on your head.


Message History

You hit the orc.
You kill the orc!
Trog accepts your kill.
Things that are here:
a +0 war axe; a +0 leather armour The ogre hits you with a +0 giant club.
Things that are here:
2 stones; a kobold corpse You barely miss the ogre.
The ogre hits you with a +0 giant club!
You slash the ogre! Your headbutt misses the ogre.
The ogre is moderately wounded.
You slash the ogre!
The ogre is heavily wounded.
The ogre hits you but does no damage.
A bat comes into view.
You barely miss the ogre. You headbutt the ogre.
The ogre is severely wounded.
The ogre hits you with a +0 giant club!!
Ouch! That really hurt!
You die...

#. #.. ♣♣. #. .. ...
♣♣.. #. #.##.# ♣♣...
### #. #.##.# ♣...≈
...#.####..#.## #..≈≈
#.#..)....... #..≈≈
#......##...######..≈≈
#..O...............≈
#..@.###.)#######...
+..).'(..># ##..
#....###### ### #....#
# ####.b #... #....
#..... #......


You could see an ogre and a bat.

Vanquished Creatures
  A worker ant (D:2)
  2 adders (D:2)
  2 worms (D:2)
  A dart slug (D:2)
  A leopard gecko (D:1)
  An orc (D:3)
  4 giant cockroaches (D:2)
  4 hobgoblins
  3 jackals (D:2)
  4 kobolds
  A quokka (D:2)
  2 bats (D:1)
  5 frilled lizards
  A goblin (D:1)
  4 rats
36 creatures vanquished.

Notes
Turn   | Place    | Note
-------+----------+-------------------------------------------
     0 | D:1      | kazelolz the Minotaur Berserker began the quest for the
                  | Orb.
     0 | D:1      | Reached XP level 1. HP: 19/19 MP: 0/0
   466 | D:1      | Reached XP level 2. HP: 19/27 MP: 1/1
  1150 | D:2      | Reached XP level 3. HP: 31/33 MP: 2/2
  1505 | D:2      | Reached XP level 4. HP: 41/41 MP: 3/3
  2079 | D:2      | Found a white marble altar of Elyvilon.
  2079 | D:2      | Found a stormy altar of Qazlal.
  2146 | D:3      | Found a white marble altar of Elyvilon.
  2246 | D:3      | Noticed an ogre
  2255 | D:3      | Slain by an ogre

Illustrated notes

Levels and vault maps discovered:
D:1:      lightli_arrival_lavapool, layout_loops_corners,
          roderic_cross_of_infinity
D:2:      layout_basic, gammafunk_temple_overflow_elements
D:3:      layout_basic, chequers_ecumenical_altar_simple_redux,
          gup_sewer_entry_spiral, elyvilon_altar_3

Skill      XL: |  1  2 |
---------------+-------+-----
Axes           | 4 |  4.7
Fighting       | 4 |  4.5
Armour         | |  2.8
Dodging        | |  2.9
Stealth        | |  0.3

Action                   |  1- 3 |  4- 6 || total
-------------------------+-------+-------++-------
Melee: Hand axe          |    65 |    23 ||    88
       Headbutt          |     8 |     4 ||    12
Invok: Berserk           |     1 |       ||     1
  Use: Scroll            |       |     3 ||     3
Armor: Animal skin       |     9 |     6 ||    15
       Ring mail         |       |     4 ||     4
Dodge: Dodged            |    54 |     8 ||    62

Table legend: (Time is in decaauts)
 A = Elapsed time spent in this place.
 B = Non-inter-level travel time spent in this place.
 C = Inter-level travel time spent in this place.
 D = Time resting spent in this place.
 E = Time spent auto-exploring this place.
 F = Levels seen in this place.
 G = Mean time per level.
                   A        B        C        D        E       F      G
               +--------+--------+--------+--------+--------+-----+--------+
         Total |   2268 |   2188 |     80 |    260 |   1612 |   3 |  756.0 |
       Dungeon |   2268 |   2188 |     80 |    260 |   1612 |   3 |  756.0 |
               +--------+--------+--------+--------+--------+-----+--------+

Top non-repeatable levels by time:
     D:2: 1070 daAuts
     D:1: 1056 daAuts
     D:3: 140 daAuts
